Map: [ESL] Hard Lead

Players

Maru - Winner!

  • Race: Terran Terran
  • Spawn Location: 5:00

ShoWTimE

  • Race: Protoss Protoss
  • League: Diamond
  • Spawn Location: 11:00

Event: IEM Katowice 2024

VOD

Have the link to the VOD?

Description

Time

  • Played on: Feb. 9, 2024, 9:43 a.m.
  • Length: 10:33

All games in this series

Show
View Real Time Build Order
Export as new Build Order

Maru Terran - Winner!

Build Orders:  

Get SALT Encoding   

  12  0:00  SCV  
  13  0:12  SCV  
  14  0:17  Supply Depot  
  14  0:24  SCV  
  15  0:39  SCV  
  15  0:40  Barracks  
  16  0:46  Refinery  
  16  0:51  SCV  
  16  0:55  Refinery  
  17  1:03  SCV  
  18  1:15  SCV  
  19  1:27  Orbital Command, Reaper  
  20  1:43  Factory  
  20  1:46  Bunker  
  20  1:53  SCV  
  21  1:54  Supply Depot  
  21  2:05  SCV  
  22  2:17  SCV  
  23  2:27  Factory Reactor  
  23  2:29  SCV  
  24  2:30  Command Center  
  24  2:41  SCV, Starport  
  25  2:47  Supply Depot  
  25  2:53  SCV  
  26  3:04  Cyclone  
  26  3:05  Cyclone  
  29  3:06  SCV  
  30  3:17  Medivac  
  30  3:18  SCV  
  33  3:22  Marine  
  34  3:30  SCV  
  34  3:36  Cyclone  
  34  3:37  Cyclone  
  34  3:40  Marine  
  39  3:46  SCV  
  40  3:58  Marine  
  40  4:00  Orbital Command, Liberator  
  44  4:03  SCV  
  44  4:08  Supply Depot  
  45  4:15  Cyclone, Marine, SCV  
  49  4:25  SCV  
  49  4:27  SCV  
  49  4:28  Cyclone  
  51  4:36  Marine  
  51  4:38  SCV  
  53  4:40  Command Center, SCV  
  53  4:50  SCV  
  53  4:51  Cyclone  
  53  4:52  SCV  
  57  5:01  Barracks Tech Lab  
  57  5:02  SCV  
  57  5:03  Barracks  
  57  5:04  SCV  
  57  5:06  Supply Depot  
  62  5:14  SCV  
  62  5:21  Barracks  
  62  5:23  SCV  
  62  5:26  SCV  
  59  5:29  Barracks Tech Lab  
  59  5:31  Engineering Bay x2  
  59  5:33  Refinery  
  59  5:34  Starport Tech Lab  
  59  5:35  SCV  
  60  5:38  Siege Tank, SCV  
  60  5:40  Refinery  
  64  5:47  SCV  
  63  5:50  SCV  
  63  5:52  Stimpack, Marine  
  63  5:53  Raven  
  63  5:54  Orbital Command  
  67  5:59  Interference Matrix, SCV  
  67  6:02  SCV  
  69  6:07  Barracks  
  69  6:10  Marine x2  
  71  6:11  SCV  
  71  6:12  Barracks  
  71  6:14  Supply Depot, Reaper, SCV  
  74  6:23  SCV  
  75  6:27  SCV x2  
  75  6:28  Terran Infantry Weapons Level 1  
  75  6:31  Marine x2  
  80  6:35  SCV  
  80  6:36  Terran Infantry Armor Level 1  
  80  6:39  SCV, Supply Depot  
  82  6:44  Orbital Command  
  82  6:46  Raven, Marine  
  85  6:48  SCV  
  85  6:50  Supply Depot  
  85  6:51  SCV  
  85  6:52  Marine x2  
  88  6:54  Factory Reactor  
  88  6:55  Barracks Tech Lab  
  88  6:56  Barracks Reactor  
  88  6:58  Marauder  
  88  7:00  SCV  
  91  7:03  Supply Depot  
  91  7:04  Marauder  
  93  7:09  SCV x2  
  93  7:10  Marine x2  
  93  7:11  Refinery  
  93  7:12  SCV  
  93  7:13  Supply Depot, Refinery  
  93  7:14  Combat Shield  
  98  7:20  Marauder  
  100  7:23  SCV  
  100  7:24  Supply Depot  
  100  7:26  Marauder  
  100  7:27  SCV  
  104  7:31  Marauder, Marine x2  
  104  7:33  SCV  
  104  7:35  SCV  
  110  7:37  Factory Reactor  
  110  7:38  Medivac  
  110  7:39  Medivac  
  110  7:41  Marauder, Marine x2  
  118  7:47  Marauder  
  118  7:48  SCV x2  
  118  7:50  Supply Depot  
  122  7:53  Marauder  
  122  7:54  Marine x2  
  122  7:56  Concussive Shells  
  126  7:59  Marine x2  
  126  8:00  SCV  
  126  8:01  SCV  
  126  8:02  Armory  
  126  8:03  Marauder  
  126  8:05  SCV  
  133  8:08  Supply Depot  
  133  8:12  Marauder, Supply Depot  
  135  8:13  Marine x2  
  135  8:14  Marauder  
  135  8:17  Supply Depot, Marine x2  
  141  8:26  Command Center  
  141  8:27  Marauder  
  141  8:30  SCV  
  141  8:31  Marine x2  
  141  8:32  SCV  
  141  8:34  Marauder  
  141  8:35  Marauder  
  141  8:37  Marine x2  
  141  8:39  Viking x2  
  146  8:42  SCV  
  142  8:49  Marauder  
  142  8:55  Marauder  
  146  9:00  Marauder, Marine, Ghost Academy  
  149  9:06  Marine x2  
  151  9:10  Viking x2, Marauder  
  151  9:11  Widow Mine x2  
  151  9:15  Supply Depot  
  151  9:16  Marauder  
  163  9:22  Barracks, Marauder  
  163  9:24  Barracks  
  165  9:34  Missile Turret  
  165  9:36  Ghost  
  165  9:37  Ghost, SCV x3  
  171  9:42  Ghost  
  171  9:44  Viking x2  
  176  9:50  Marine  
  176  9:52  Sensor Tower  
  177  10:02  Marine  
  177  10:03  Marine  
  170  10:13  Marine x2  
Show
View Real Time Build Order
Export as new Build Order

ShoWTimE Protoss 

Build Orders: 1 Gate Expand, Phoenix Opening 

Get SALT Encoding   

  12  0:00  Probe  
  13  0:12  Probe  
  14  0:17  Pylon  
  14  0:24  Probe  
  15  0:35  Gateway  
  15  0:37  Probe (Chrono Boost)  
  16  0:47  Assimilator, Probe (Chrono Boost)  
  17  0:51  Probe (Chrono Boost)  
  18  1:03  Probe  
  19  1:15  Probe  
  20  1:22  Cybernetics Core  
  20  1:34  Nexus  
  20  1:36  Probe  
  21  1:43  Pylon  
  21  1:48  Probe  
  21  1:50  Assimilator  
  22  1:59  Stalker (Chrono Boost)  
  25  2:01  Probe  
  24  2:13  Probe  
  25  2:19  Stalker (Chrono Boost)  
  27  2:25  Probe  
  28  2:36  Shield Battery  
  28  2:37  Probe  
  29  2:44  Stargate  
  29  2:46  Probe  
  29  2:49  Probe, Stalker (Chrono Boost)  
  31  2:58  Probe  
  34  2:59  Warp Gate  
  34  3:01  Probe  
  35  3:10  Probe  
  36  3:14  Probe  
  37  3:22  Probe  
  37  3:26  Probe  
  39  3:29  Phoenix (Chrono Boost)  
  41  3:34  Probe  
  41  3:35  Pylon  
  41  3:38  Probe  
  43  3:45  Phoenix (Chrono Boost)  
  43  3:46  Probe  
  46  3:48  Gateway  
  46  3:53  Probe  
  47  3:55  Pylon  
  47  3:58  Probe  
  48  4:03  Phoenix (Chrono Boost)  
  48  4:05  Probe  
  48  4:06  Assimilator  
  48  4:08  Assimilator  
  51  4:11  Probe  
  51  4:15  Robotics Facility  
  52  4:17  Probe  
  52  4:23  Probe  
  54  4:29  Probe  
  55  4:31  Pylon  
  55  4:35  Probe  
  55  4:38  Phoenix (Chrono Boost)  
  58  4:41  Probe  
  58  4:42  Pylon  
  58  4:43  Shield Battery  
  59  4:47  Probe  
  59  4:48  Pylon  
  59  4:49  Stalker  
  59  4:52  Stalker  
  62  4:53  Probe  
  62  4:59  Probe  
  64  5:00  Immortal (Chrono Boost)  
  68  5:16  Stalker x2  
  68  5:18  Probe  
  68  5:20  Probe  
  72  5:37  Nexus  
  72  5:39  Observer  
  72  5:41  Probe  
  72  5:42  Probe  
  75  5:43  Robotics Bay  
  71  5:53  Stalker x2  
  71  5:54  Probe x2  
  77  5:57  Pylon  
  77  5:59  Shield Battery  
  77  6:06  Probe x2  
  77  6:09  Twilight Council  
  79  6:12  Observer, Forge  
  79  6:18  Probe x2  
  81  6:26  Gateway  
  81  6:27  Gateway  
  81  6:30  Colossus (Chrono Boost), Probe x2  
  89  6:42  Extended Thermal Lance (Chrono Boost), Probe (Chrono Boost)  
  89  6:43  Probe (Chrono Boost), Charge (Chrono Boost)  
  89  6:44  Observer  
  89  6:46  Protoss Ground Weapons Level 1  
  91  6:49  Probe (Chrono Boost)  
  94  6:54  Probe (Chrono Boost)  
  94  6:55  Probe (Chrono Boost)  
  94  6:58  Probe (Chrono Boost)  
  94  6:59  Sentry, Assimilator  
  94  7:00  Probe x2 (Chrono Boost)  
  98  7:01  Assimilator  
  98  7:03  Probe (Chrono Boost)  
  99  7:10  Gateway  
  99  7:13  Gateway, Colossus (Chrono Boost)  
  99  7:20  Pylon  
  105  7:26  Gateway  
  105  7:28  Gateway  
  105  7:33  Zealot  
  105  7:34  Templar Archives  
  105  7:35  Zealot  
  109  7:37  Pylon  
  109  7:39  Pylon  
  109  7:40  Pylon  
  109  7:48  Pylon  
  109  7:52  Zealot, Pylon  
  109  7:57  Colossus (Chrono Boost)  
  111  8:03  Zealot x3  
  123  8:10  High Templar  
  123  8:11  High Templar  
  127  8:14  Pylon  
  127  8:16  Nexus, Archon  
  127  8:17  High Templar  
  129  8:20  High Templar  
  129  8:23  Gateway  
  129  8:24  Archon  
  129  8:25  Sentry, Gateway  
  133  8:32  Zealot x3  
  111  8:45  Zealot x2  
  103  8:52  High Templar x2  
  107  8:58  Zealot x4  
  107  8:59  Gravitic Drive (Chrono Boost), Archon  
  107  9:00  Warp Prism (Chrono Boost)  
  117  9:06  Zealot  
  117  9:07  Zealot  
  121  9:15  Pylon  
  121  9:18  Nexus, Sentry  
  121  9:19  Zealot x3  
  121  9:21  Zealot  
  131  9:26  Stalker x2  
  131  9:31  Zealot x2  
  139  9:32  Probe  
  144  9:45  Zealot x3  
  150  9:49  High Templar x2  
  150  9:50  Zealot  
  155  9:54  Archon  
  133  10:26  Zealot x6  

Tags
 
Add a new tag
Caveats
  • Supply blocks, unpowered buildings, or Contaminate may cause inaccurate times.
  • Supply counts are checked every 10 seconds.